[ AOE2 MATCH · #513674638 ]
UnrankedBritons vs Malians
Player's team · LOSS
Rival team · WIN
[ REPLAY ANALYSIS · EXTRACTED FROM THE RECORDED GAME ]
Feudal
9:20
Castle
—
Imperial
—
| APM avg | 34.2 |
| APM peak | 97 |
| eAPM avg | 16.1 |
| Villagers / military | 43 / 18 |
Focus
⚔️ 23.6% · 🌾 76.4%
Archer ×9 · Skirmisher ×9
Feudal
9:50
Castle
—
Imperial
—
| APM avg | 34.6 |
| APM peak | 58 |
| eAPM avg | 15.4 |
| Villagers / military | 27 / 32 |
Focus
⚔️ 36.5% · 🌾 63.5%
Militia ×32
Match map
Initial resources + every placement click. Lines = walls · curves = elevation contours. ◆ gold · ⬟ stone · ● berries · ✦ relic · ◌ wall gap
Your base· Open — unwalled flank
GwizdeK's base· Open — unwalled flank
Smoothed initial terrain · ◌ = detected wall gap · hover for details
Inputs per minute
— MiBe - - GwizdeK
Build order — MiBe
107 actions detected in the replay
| 0:01 | Queue | Villager (Male) |
| 0:01 | Queue | Villager (Male) |
| 0:01 | Queue | Villager (Male) |
| 0:02 | Build | House |
| 0:04 | Build | House |
| 0:17 | Queue | Villager (Male) |
| 1:22 | Queue | Villager (Male) |
| 2:10 | Queue | Villager (Male) |
| 2:10 | Queue | Villager (Male) |
| 2:15 | Build | Lumber Camp |
| 2:28 | Queue | Villager (Male) |
| 2:37 | Build | House |
| 2:48 | Queue | Villager (Male) |
| 3:11 | Queue | Villager (Male) |
| 3:25 | Queue | Villager (Male) |
| 3:48 | Queue | Villager (Male) |
| 5:05 | Queue | Villager (Male) |
| 5:09 | Queue | Villager (Male) |
| 5:23 | Queue | Villager (Male) |
| 5:31 | Build | Mill |
| 6:06 | Queue | Villager (Male) |
| 6:07 | Research | Loom |
| 7:04 | Research | Feudal Age |
| 7:28 | Build | Barracks |
| 8:00 | Build | House |
| 8:04 | Build | Palisade Wall |
| 8:19 | Build | Mining Camp |
| 8:49 | Queue | Villager (Male) |
| 8:55 | Queue | Villager (Male) |
| 9:20 | Age | Feudal Age |
| 9:24 | Build | Archery Range |
| 9:28 | Build | House |
| 9:30 | Research | Double-Bit Axe |
| 9:49 | Queue | Villager (Male) |
| 10:03 | Queue | Archer |
| 10:04 | Queue | Archer |
| 10:10 | Build | House |
| 10:17 | Build | Palisade Wall |
| 10:19 | Build | Palisade Wall |
| 10:22 | Build | House |
| 10:26 | Build | Palisade Wall |
| 10:28 | Build | Palisade Wall |
| 10:37 | Queue | Archer |
| 10:51 | Build | Watch Tower |
| 10:56 | Build | House |
| 11:18 | Queue | Villager (Male) |
| 11:31 | Queue | Skirmisher |
| 11:55 | Queue | Skirmisher |
| 12:14 | Queue | Skirmisher |
| 12:16 | Queue | Villager (Male) |
| 12:16 | Queue | Villager (Male) |
| 12:31 | Queue | Villager (Male) |
| 13:51 | Queue | Villager (Male) |
| 13:55 | Queue | Villager (Male) |
| 13:55 | Queue | Villager (Male) |
| 14:04 | Queue | Skirmisher |
| 14:19 | Queue | Archer |
| 14:51 | Build | House |
| 15:16 | Queue | Villager (Male) |
| 15:16 | Queue | Villager (Male) |
| 15:24 | Build | Blacksmith |
| 15:34 | Queue | Archer |
| 15:35 | Queue | Archer |
| 15:44 | Build | Farm |
| 15:46 | Queue | Villager (Male) |
| 15:52 | Build | House |
| 15:57 | Build | Palisade Wall |
| 16:42 | Queue | Archer |
| 16:48 | Build | Mining Camp |
| 16:49 | Queue | Villager (Male) |
| 16:49 | Queue | Villager (Male) |
| 17:09 | Queue | Villager (Male) |
| 17:10 | Queue | Villager (Male) |
| 17:11 | Queue | Villager (Male) |
| 17:13 | Build | Farm |
| 17:38 | Queue | Skirmisher |
| 17:48 | Build | Farm |
| 17:48 | Build | Farm |
| 17:52 | Build | Farm |
| 17:56 | Queue | Skirmisher |
| 17:58 | Queue | Villager (Male) |
| 18:02 | Build | House |
| 18:21 | Queue | Villager (Male) |
| 18:28 | Build | Farm |
| 18:31 | Queue | Skirmisher |
| 18:49 | Build | Market |
| 18:51 | Build | House |
| 18:52 | Build | House |
| 18:55 | Build | Palisade Wall |
| 19:04 | Build | Farm |
| 19:05 | Build | Farm |
| 19:06 | Build | Farm |
| 19:21 | Build | Farm |
| 19:41 | Queue | Villager (Male) |
| 19:47 | Queue | Villager (Male) |
| 19:50 | Queue | Skirmisher |
| 20:21 | Queue | Villager (Male) |
| 20:25 | Queue | Skirmisher |
| 20:42 | Build | Watch Tower |
| 20:53 | Research | Fletching |
| 21:35 | Queue | Villager (Male) |
| 21:36 | Queue | Villager (Male) |
| 21:44 | Queue | Villager (Male) |
| 21:49 | Queue | Archer |
| 21:57 | Queue | Archer |
| 23:10 | Queue | Villager (Male) |
| 23:12 | Build | Farm |
Build order — GwizdeK
88 actions detected in the replay
| 0:00 | Queue | Villager (Male) |
| 0:01 | Queue | Villager (Male) |
| 0:02 | Build | House |
| 0:03 | Build | House |
| 0:09 | Queue | Villager (Male) |
| 0:09 | Queue | Villager (Male) |
| 0:09 | Queue | Villager (Male) |
| 1:22 | Queue | Villager (Male) |
| 1:22 | Queue | Villager (Male) |
| 1:49 | Build | Lumber Camp |
| 2:02 | Queue | Villager (Male) |
| 2:16 | Queue | Villager (Male) |
| 2:40 | Build | House |
| 2:45 | Queue | Villager (Male) |
| 3:03 | Queue | Villager (Male) |
| 3:40 | Queue | Villager (Male) |
| 3:55 | Build | Mill |
| 3:55 | Queue | Villager (Male) |
| 4:38 | Queue | Villager (Male) |
| 4:55 | Queue | Villager (Male) |
| 5:12 | Queue | Villager (Male) |
| 5:12 | Queue | Villager (Male) |
| 5:21 | Build | House |
| 6:01 | Queue | Villager (Male) |
| 6:03 | Queue | Villager (Male) |
| 6:22 | Build | Barracks |
| 6:27 | Queue | Villager (Male) |
| 6:43 | Queue | Villager (Male) |
| 7:19 | Build | Mining Camp |
| 7:39 | Research | Feudal Age |
| 7:40 | Research | Loom |
| 8:10 | Queue | Militia |
| 8:10 | Queue | Militia |
| 8:46 | Build | House |
| 8:48 | Queue | Militia |
| 9:11 | Queue | Villager (Male) |
| 9:11 | Queue | Villager (Male) |
| 9:21 | Build | House |
| 9:37 | Queue | Militia |
| 9:50 | Age | Feudal Age |
| 10:07 | Research | Man-at-Arms (upgrade) |
| 10:31 | Build | Watch Tower |
| 10:44 | Queue | Militia |
| 11:13 | Queue | Militia |
| 11:13 | Queue | Militia |
| 12:05 | Queue | Militia |
| 12:05 | Queue | Militia |
| 12:20 | Queue | Militia |
| 12:40 | Queue | Villager (Male) |
| 12:42 | Build | Market |
| 12:43 | Build | Farm |
| 12:43 | Build | Farm |
| 12:44 | Build | Farm |
| 13:31 | Queue | Militia |
| 13:35 | Build | Archery Range |
| 14:19 | Queue | Militia |
| 15:26 | Build | Farm |
| 15:27 | Queue | Villager (Male) |
| 15:35 | Build | Watch Tower |
| 16:10 | Queue | Militia |
| 16:57 | Queue | Militia |
| 17:34 | Queue | Militia |
| 17:56 | Build | Watch Tower |
| 18:00 | Queue | Militia |
| 18:19 | Queue | Villager (Male) |
| 18:20 | Queue | Villager (Male) |
| 18:22 | Queue | Militia |
| 18:22 | Queue | Militia |
| 19:01 | Queue | Militia |
| 19:09 | Build | Blacksmith |
| 19:16 | Build | Mining Camp |
| 19:33 | Queue | Militia |
| 19:33 | Queue | Militia |
| 19:45 | Queue | Militia |
| 19:46 | Queue | Militia |
| 20:25 | Research | Scale Mail Armor |
| 20:27 | Queue | Militia |
| 20:48 | Build | Barracks |
| 20:56 | Research | Fletching |
| 21:47 | Queue | Militia |
| 21:47 | Queue | Militia |
| 21:59 | Queue | Militia |
| 22:14 | Research | Scale Mail Armor |
| 22:59 | Queue | Militia |
| 22:59 | Queue | Militia |
| 23:41 | Queue | Militia |
| 23:41 | Queue | Militia |
| 23:59 | Queue | Militia |
Match timeline
| 6:22 | GwizdeK · first_building Barracks |
| 7:28 | MiBe · first_building Barracks |
| 8:04 | MiBe · wall_segment Palisade Wall x1 |
| 9:20 | MiBe · age_up feudal |
| 9:24 | MiBe · first_building Archery Range |
| 9:50 | GwizdeK · age_up feudal |
| 10:17 | MiBe · wall_segment Palisade Wall x4 |
| 10:19 | MiBe · wall_segment Palisade Wall x4 |
| 10:26 | MiBe · wall_segment Palisade Wall x2 |
| 10:28 | MiBe · wall_segment Palisade Wall x4 |
| 13:35 | GwizdeK · first_building Archery Range |
| 15:25 | GwizdeK · first_market_buy 100 stone |
| 15:57 | MiBe · wall_segment Palisade Wall x5 |
| 18:55 | MiBe · wall_segment Palisade Wall x3 |
| 19:43 | GwizdeK · first_market_sell 500 wood |
| 20:52 | MiBe · first_market_sell 100 wood |
| 24:14 | MiBe · resign |
[ AI ANALYSIS · 1 CREDIT ]
What really happened in this match?
Wolo.gg analyzes every decision: build order, eco, micro, common mistakes by bracket. Personalized analysis on WhatsApp or Discord in 30 seconds.
Civ guide
Britons
Perfil
Jugador #5753419